 Dungeon Crawl Stone Soup version 0.20-a0-537-g052e6ba (webtiles) character file.

50 HallandMoats the Skirmisher (level 3, -3/29 HPs)
             Began as a Demonspawn Fighter on Jan 29, 2017.
             Slain by an orc
             ... wielding a +0 war axe
              (6 damage)
             ... on level 3 of the Dungeon.
             The game lasted 00:02:22 (1676 turns).

HallandMoats the Skirmisher (Demonspawn Fighter)    Turns: 1676, Time: 00:02:23

Health: -3/29      AC:  6    Str: 16    XL:     3   Next: 55%
Magic:  3/3        EV:  7    Int:  9    God:
Gold:   47         SH:  8    Dex: 13    Spells: 2/2 levels left

rFire    . . .     SeeInvis .   a - +0 long sword
rCold    . . .     Gourm    .   b - +0 scale mail
rNeg     . . .     Faith    .   c - +0 shield
rPois    .         Spirit   .   (no helmet)
rElec    .         Reflect  .   (no cloak)
rCorr    .         Harm     .   (no gloves)
MR       .....                  (no boots)
Stlth    ..........             (no amulet)
Regen    0.1/turn               (no ring)
                                (no ring)

@: no status effects
A: powered by pain 1
a: no special abilities


You were on level 3 of the Dungeon.
You were hungry.

You visited 1 branch of the dungeon, and saw 3 of its levels.

You collected 47 gold pieces.

Inventory:

Hand Weapons
 a - a +0 long sword (weapon)
Armour
 b - a +0 scale mail (worn)
 c - a +0 shield (worn)
Jewellery
 e - an uncursed ring of fire {unknown}
Scrolls
 j - 2 scrolls of teleportation {unknown}
 k - 2 scrolls of identify {unknown}
 l - a scroll of blinking {unknown}
 n - a scroll of fear {unknown}
 p - a scroll of enchant weapon {unknown}
 q - 2 scrolls of amnesia {unknown}
 s - a scroll of recharging {unknown}
 u - a scroll of enchant armour {unknown}
 v - a scroll of fog {unknown}
Potions
 d - 3 potions of might
 g - a potion of heal wounds {unknown}
 i - a potion of ambrosia {unknown}
 m - a potion of brilliance {unknown}
 o - 2 potions of curing {unknown}
 r - a potion of degeneration {unknown}
 w - a potion of haste {unknown}
Comestibles
 f - 3 bread rations
 h - a royal jelly
 t - 4 chunks of flesh


   Skills:
 * Level 3.3 Fighting
 * Level 2.1 Long Blades
 * Level 3.0 Armour
 * Level 1.9 Dodging
 - Level 2.6 Shields


You had 2 spell levels left.
You didn't know any spells.

Dungeon Overview and Level Annotations

Branches:
Dungeon (3/15)

Altars:
Makhleb
Xom


Innate Abilities, Weirdness & Mutations

You sometimes gain a little power by taking damage.


Message History

The orc hits you with a war axe. The orc hits you. You block the orc's attack.
The ooze hits you but does no damage. The orc hits you with a war axe.
The orc hits you. You block the hobgoblin's attack.
The ooze closely misses you. The orc hits you with a whip.
You block the orc's attack. The orc hits you with a war axe.
The hobgoblin barely misses you.
You riposte.
You slash the hobgoblin!
You kill the hobgoblin!
The ooze jiggles.
You block the ooze's attack. The orc barely misses you.
You riposte.
You closely miss the orc.
The orc is lightly wounded.
The orc hits you. You block the orc's attack. The orc hits you with a whip.
* * * LOW HITPOINT WARNING * * *
The ooze hits you.
* * * LOW HITPOINT WARNING * * *
The orc barely misses you.
You riposte.
You closely miss the orc. The orc hits you with a war axe.
You die...

#.#.#.#.#......#
#.#.#.#.#......######
#..............'.....
#.#...#........######
#.............##
#.##..##......#
#..##......#
..%#.##o(##......#
......o@>(....####
......oJ).....#
..............#
..............#
...........$..#
#.............#
#.............#
#...?.....#####


You could see an ooze and 3 orcs.

Vanquished Creatures
  2 adders (D:2)
  A worm (D:2)
  An orc (D:3)
  4 giant cockroaches
  2 goblins
  5 hobgoblins
  2 kobolds
  5 bats
  6 rats
28 creatures vanquished.

Notes
Turn   | Place    | Note
-------+----------+-------------------------------------------
     0 | D:1      | HallandMoats the Demonspawn Fighter began the quest for the Orb.
     0 | D:1      | Reached XP level 1. HP: 18/18 MP: 1/1
   187 | D:1      | Reached skill level 1 in Dodging
   218 | D:1      | Gained mutation: You sometimes gain a little power by taking damage. [demonic ancestry]
   218 | D:1      | Reached XP level 2. HP: 24/24 MP: 2/2
  1148 | D:2      | Found a burning altar of Makhleb.
  1155 | D:2      | Found a shimmering altar of Xom.
  1330 | D:2      | Reached XP level 3. HP: 17/29 MP: 3/3
  1676 | D:3      | Slain by an orc

Vault maps used:
D:1:      dpeg_arrival_signposts, serial_forest, infiniplex_forest_lined_3,
          infiniplex_forest_clump_C, infiniplex_forest_clump_large,
          infiniplex_forest_lined_3_way, infiniplex_forest_end_3,
          infiniplex_forest_end_3, infiniplex_forest_clump_medium
D:2:      amethyst_overflow_temple_binary, minmay_pentomino_o2
D:3:      uniq_grinder

Skill      XL: |  1  2  3 |
---------------+----------+-----
Dodging        | 1 |  1.9
Long Blades    | 2 |  2.1
Armour         | 3 |  3.0
Fighting       | |  3.3
Shields        | |  2.6

Action                   || total
-------------------------++-------
Melee: Long sword        ||    78
  Eat: Chunk             ||     2
Armor: Scale mail        ||   109
Dodge: Dodged            ||    80
Block: Shield            ||   126
       Rpst.: Long sword ||    25
